AoeStats
← pascapas

Black Forest

505540089Analyzed
4v4 RM · 24d ago on Sep 9, 2026· 48m 53s· 8 players
Game mode
Random Map
Map size
Large (8 player)
Population
200
Speed
Normal
Resources
Standard
Victory
Conquest
Starting age
Dark Age
Ending age
Imperial Age
RankedLock teamsTeams togetherTeam positionsShared explorationLock speedFull tech treeHidden civsTurbo modeCheats
Victory
Defeat
🇺🇸 Japanese · United States
888
+14
🇺🇸 Mongols · United States
868
+15
🇺🇸 Celts · United States
864
+15
🇺🇸 Persians · United States
675
+22
🇪🇸 Khmer · Spain
881
-18
🇧🇷 Japanese · Brazil
838
-17
🇨🇭 Aztecs · Switzerland
813
-16
🇨🇳 Hindustanis · China
805
-15
Fiscal Ricardo
5:34 Loom
11:07 Feudal Age
12:25 Double-Bit Axe
14:49 Horse Collar
21:20 Castle Age
19:40 Stone Mining
23:16 Gold Mining
23:43 Bow Saw
23:37 Heavy Plow
24:56 Town Watch
26:39 Wheelbarrow
31:41 Town Patrol
33:15 Hand Cart
34:19 Treadmill Crane
37:37 Imperial Age
36:32 Ballistics
38:52 Gold Shaft Mining
38:46 Conscription
41:38 Kataparuto
41:51 Forging
41:42 Scale Mail Armor
41:44 Padded Archer Armor
44:07 Chemistry
44:36 Two-Man Saw
44:54 Iron Casting
44:35 Chain Mail Armor
44:35 Leather Archer Armor
44:11 Fletching
45:01 Pikeman
45:05 Elite Samurai
frankonil
0:37 Loom
14:36 Feudal Age
16:01 Double-Bit Axe
17:13 Gold Mining
20:13 Castle Age
18:44 Stone Mining
22:55 Wheelbarrow
26:49 Horse Collar
34:26 Imperial Age
31:46 Town Watch
32:17 Hand Cart
33:41 Bow Saw
36:06 Town Patrol
37:13 Chemistry
36:24 Fortified Wall
36:10 Murder Holes
36:59 Double Crossbow
40:44 Forging
40:35 Scale Mail Armor
40:10 Pikeman
41:16 Halberdier
42:38 Iron Casting
42:11 Capped Ram
44:43 Blast Furnace
43:59 Chain Mail Armor
44:14 Ballistics
45:07 Light Cavalry
45:58 Bloodlines
pascapas
0:43 Loom
13:28 Feudal Age
15:12 Wheelbarrow
14:23 Town Watch
14:48 Double-Bit Axe
15:06 Horse Collar
17:28 Forging
17:12 Fletching
21:27 Castle Age
20:11 Scale Mail Armor
22:44 Hand Cart
22:31 Heavy Plow
26:13 Squires
26:30 Gold Mining
27:20 Eagle Warrior
27:58 Town Watch
28:51 Gold Shaft Mining
29:05 Chain Mail Armor
29:26 Iron Casting
32:56 Imperial Age
31:15 Caravan
30:47 Elite Skirmisher
33:17 Atlatl
40:22 Pikeman
41:14 Elite Eagle Warrior
44:09 Garland Wars
45:02 Blast Furnace
fjk
3:10 Loom
12:36 Feudal Age
13:05 Double-Bit Axe
15:00 Wheelbarrow
17:31 Gold Mining
17:35 Horse Collar
21:17 Castle Age
20:05 Stone Mining
22:42 Hand Cart
22:39 Bow Saw
23:07 Heavy Plow
23:47 Stone Shaft Mining
29:12 Gold Shaft Mining
30:19 Grand Trunk Road
33:25 Imperial Age
31:28 Town Watch
34:07 Forging
34:03 Scale Barding Armor
34:04 Husbandry
34:15 Bloodlines
33:28 Heavy Camel Rider
34:30 Conscription
35:57 Two-Man Saw
35:13 Caravan
36:06 Iron Casting
36:10 Conscription
37:11 Chemistry
36:08 Imperial Camel Rider
38:01 Chain Barding Armor
38:42 Blast Furnace
37:33 Fletching
37:43 Padded Archer Armor
39:42 Plate Barding Armor
39:07 Padded Archer Armor
39:32 Ballistics
39:17 Siege Engineers
39:23 Masonry
39:41 Ballistics
39:34 Masonry
40:34 Hoardings
41:06 Thumb Ring
42:13 Shatagni
42:14 Bodkin Arrow
42:28 Onager
43:47 Bracer
44:03 Leather Archer Armor
huntrixLoL
9:07 Feudal Age
9:28 Double-Bit Axe
9:23 Horse Collar
13:29 Wheelbarrow
18:11 Gold Mining
18:13 Stone Mining
21:49 Castle Age
23:40 Bow Saw
23:48 Hand Cart
24:13 Stone Shaft Mining
25:11 Gold Shaft Mining
27:22 Heavy Plow
29:51 Scale Barding Armor
31:58 Forging
34:40 Imperial Age
32:58 Chain Barding Armor
34:12 Caravan
34:59 Iron Casting
34:34 Town Watch
35:30 Elite War Elephant
38:07 Blast Furnace
38:50 Two-Man Saw
38:26 Conscription
39:09 Plate Barding Armor
39:50 Murder Holes
40:18 Ballistics
45:19 Crop Rotation
Booger Flicker X
0:34 Loom
11:39 Feudal Age
12:05 Double-Bit Axe
19:08 Wheelbarrow
22:25 Castle Age
20:24 Fishing Lines
22:08 Stone Mining
22:03 Horse Collar
23:28 Gillnets
23:40 Heavy Plow
23:53 Bow Saw
28:38 Forging
28:33 Scale Barding Armor
31:09 Imperial Age
28:57 Hand Cart
30:18 Iron Casting
30:03 Chain Barding Armor
30:11 Gold Mining
31:13 Onager
31:18 Elite Steppe Lancer
33:10 Blast Furnace
33:20 Bloodlines
33:10 Husbandry
36:13 Fletching
36:23 Padded Archer Armor
39:28 Conscription
39:23 Bodkin Arrow
39:28 Padded Archer Armor
40:27 Gold Shaft Mining
40:37 Stone Shaft Mining
42:12 Siege Onager
krook
2:02 Loom
11:24 Feudal Age
12:36 Double-Bit Axe
13:15 Horse Collar
20:58 Castle Age
19:27 Fletching
22:06 Scale Mail Armor
22:17 Forging
22:10 Heavy Plow
22:23 Bow Saw
22:07 Stone Mining
22:10 Gold Mining
24:22 Wheelbarrow
24:23 Bodkin Arrow
27:19 Murder Holes
28:59 Masonry
31:41 Ballistics
35:41 Imperial Age
34:35 Treadmill Crane
35:24 Caravan
37:52 Hand Cart
37:57 Bracer
38:15 Chain Mail Armor
38:35 Iron Casting
39:12 Chemistry
39:01 Conscription
39:20 Hoardings
38:41 Elite Samurai
39:42 Conscription
40:23 Plate Mail Armor
43:51 Conscription
43:53 Kataparuto
44:42 Blast Furnace
49:06 Arson
49:22 Squires
49:07 Gambesons
48:43 Man-at-Arms
JKhelot
3:08 Loom
13:17 Feudal Age
14:52 Town Watch
17:16 Castle Age
15:06 Double-Bit Axe
15:08 Horse Collar
15:45 Gold Mining
18:47 Bow Saw
18:38 Heavy Plow
20:23 Stone Mining
22:10 Town Watch
23:00 Wheelbarrow
27:15 Hand Cart
33:14 Imperial Age
31:13 Fletching
31:24 Scale Mail Armor
31:35 Forging
32:53 Town Patrol
33:34 Coinage
33:22 Chain Mail Armor
34:50 Banking
34:20 Caravan
33:46 Heavy Scorpion
35:29 Guilds
36:55 Hoardings
37:18 Pikeman
38:38 Iron Casting
38:34 Plate Mail Armor
40:20 Blast Furnace
39:18 Bodkin Arrow
39:38 Masonry
40:33 Chemistry
39:53 Ballistics
39:14 Treadmill Crane
39:40 Siege Engineers
40:01 Conscription
41:18 Capped Ram
41:56 Stronghold
42:54 Fortified Wall
42:40 Murder Holes
44:07 Furor Celtica
43:48 Stronghold
44:04 Sappers
44:11 Sappers
48:07 Siege Ram
48:15 Halberdier
Connection lost

Rejoining the realm…

Still unreachable

The connection could not be restored.

Session expired

The server has moved on; the page needs a fresh start.